 Dungeon Crawl Stone Soup version 0.19.5 (webtiles) character file.

355 miragecloak the Insei (level 6, -3/41 HPs)
             Began as an Octopode Transmuter on May 16, 2017.
             Slain by joaoluisp's ghost (16 damage)
             ... on level 4 of the Dungeon.
             The game lasted 00:03:44 (3740 turns).

miragecloak the Insei (Octopode Transmuter)         Turns: 3740, Time: 00:03:44

Health: -3/41      AC:  1    Str: 10    XL:     6   Next: 63%
Magic:  6/9        EV: 13    Int: 15    God:
Gold:   165        SH:  0    Dex: 14    Spells: 2 memorised, 5 levels left

rFire  . . .     SeeInvis .       - Unarmed
rCold  . . .     Gourm    .     (no shield)
rNeg   . . .     Faith    .     (helmet restricted)
rPois  .         Spirit   .     (no amulet)
rElec  .         Reflect  .     d - ring of wizardry
rCorr  .         Harm     .     r - ring of loudness (curse)
MR     .....                    (no ring)
Stlth  +.........               (no ring)
                                (no ring)
                                (no ring)
                                (no ring)
                                (no ring)

@: very slightly contaminated
A: almost no armour, stealthy swim, amphibious, 8 rings, constrict 8, camouflage
1, gelatinous body 1
a: no special abilities


You were on level 4 of the Dungeon.
You were hungry.

You visited 2 branches of the dungeon, and saw 5 of its levels.

You collected 165 gold pieces.

Inventory:

Missiles
 a - 69 arrows
Jewellery
 d - a ring of wizardry (left tentacle)
 r - a cursed ring of loudness (right tentacle)
 w - an uncursed ring of poison resistance {unknown}
Wands
 f - a wand of teleportation (6/9)
Scrolls
 k - a scroll of immolation {unknown}
 m - 2 scrolls of fog {unknown}
 o - 4 scrolls of identify {unknown}
 s - 3 scrolls of amnesia {unknown}
 u - a scroll of teleportation {unknown}
 x - a scroll of recharging {unknown}
Potions
 e - 2 potions of haste {unknown}
 g - a potion of lignification {unknown}
 i - 2 potions of curing {unknown}
 j - 2 potions of magic {unknown}
 l - a potion of agility {unknown}
 n - a potion of berserk rage {unknown}
 q - a potion of might {unknown}
Books
 b - a book of Changes

   Spells                             Type                      Level
   a - Beastly Appendage              Transmutation                1
   b - Sticks to Snakes               Transmutation                2
   c - Spider Form                    Transmutation/Poison         3
   d - Ice Form                       Ice/Transmutation            4
   e - Blade Hands                    Transmutation                5
Comestibles
 c - 2 bread rations
 h - 2 meat rations
 p - 5 fruits
 t - a slice of pizza
 v - a beef jerky


   Skills:
 + Level 2.7 Fighting
 - Level 2.0 Dodging
 + Level 5.4 Unarmed Combat
 - Level 2.0 Spellcasting
 - Level 4.1 Transmutations
 - Level 1.0 Poison Magic


You had 5 spell levels left.
You knew the following spells:

 Your Spells              Type           Power        Failure   Level  Hunger
a - Beastly Appendage     Tmut           ##....       1%          1    #......
b - Spider Form           Tmut/Pois      #.........   10%         3    ###....


Dungeon Overview and Level Annotations

Branches:
Dungeon (4/15)             Temple (1/1) D:4

Altars:
Dithmenos
Elyvilon
Fedhas
Makhleb
Qazlal
Ru
Trog
Uskayaw
Vehumet
Xom
Yredelemnul
Zin

Annotations:
D:4 joaoluisp's ghost, amateur MiFi


Innate Abilities, Weirdness & Mutations

You cannot wear most types of armour.
You are very stealthy in the water. (Stealth+)
You are amphibious.
You can wear up to eight rings at the same time.
You can use your tentacles to constrict eight enemies at once.
Your skin changes colour to match your surroundings (Stealth+).
Your rubbery body absorbs attacks. (AC +1, EV +1)


Message History

Your squeeze misses joaoluisp's ghost.
Joaoluisp's ghost is lightly damaged.
Joaoluisp's ghost closely misses you.
You tentacle-slap joaoluisp's ghost but do no damage.
Your squeeze misses joaoluisp's ghost.
Joaoluisp's ghost is lightly damaged.
Joaoluisp's ghost hits you!
You tentacle-slap joaoluisp's ghost but do no damage.
You squeeze joaoluisp's ghost.
Joaoluisp's ghost is moderately damaged.
Joaoluisp's ghost barely misses you.
You tentacle-slap joaoluisp's ghost. You squeeze joaoluisp's ghost!
Joaoluisp's ghost is severely damaged.
Joaoluisp's ghost hits you!
You tentacle-slap joaoluisp's ghost but do no damage.
Joaoluisp's ghost is severely damaged.
Joaoluisp's ghost hits you.
* * * LOW HITPOINT WARNING * * *
Joaoluisp's ghost hits you!
You die...

..#.... #.#..# ###.#..#
#......# #......#
########.#....#
#.....##.#....#######
#....(##.#....##.W..#
#.....##.##...##@##.#
#.....'..#...>....#.#
#.....#####.......#.#
#.................#.#
......#########.#.#....!...
.#...## #.#...<..###.
....## #.######## .#..# #..
....# #.#


You could see joaoluisp's ghost.

Vanquished Creatures
  3 orc wizards
  2 orc priests (D:3)
  A hound (D:4)
  An iguana (D:4)
  A worker ant (D:4)
  3 adders
  2 oozes
  A dart slug (D:2)
  4 worms
  2 leopard geckos
  10 orcs
  A ball python (D:2)
  2 giant cockroaches (D:2)
  11 goblins
  6 hobgoblins
  5 jackals (D:3)
  A quokka (D:4)
  4 bats
  6 frilled lizards
  11 kobolds
  11 rats
88 creatures vanquished.

Notes
Turn   | Place    | Note
-------+----------+-------------------------------------------
     0 | D:1      | miragecloak the Octopode Transmuter began the quest for the Orb.
     0 | D:1      | Reached XP level 1. HP: 13/13 MP: 3/3
   126 | D:1      | You fall through a shaft!
   675 | D:1      | Reached XP level 2. HP: 15/18 MP: 3/5
  1448 | D:2      | Reached XP level 3. HP: 23/23 MP: 6/6
  1461 | D:2      | Learned a level 3 spell: Spider Form
  1591 | D:2      | Reached skill level 1 in Poison Magic
  2014 | D:2      | Reached XP level 4. HP: 22/28 MP: 5/7
  2148 | D:3      | Found a stormy altar of Qazlal.
  2489 | D:3      | Reached skill level 4 in Unarmed Combat
  2489 | D:3      | Reached XP level 5. HP: 33/33 MP: 4/8
  3287 | D:4      | Reached XP level 6. HP: 39/39 MP: 5/9
  3296 | D:4      | Reached skill level 5 in Unarmed Combat
  3435 | D:4      | Found a shadowy altar of Dithmenos.
  3562 | D:4      | Found a staircase to the Ecumenical Temple.
  3584 | Temple   | Entered the Ecumenical Temple
  3721 | D:4      | Noticed joaoluisp's ghost (amateur MiFi)
  3740 | D:4      | Slain by joaoluisp's ghost

Skill      XL: |  1  2  3  4  5  6 |
---------------+-------------------+-----
Transmutations | 3 4 |  4.1
Poison Magic   | 1 |  1.0
Unarmed Combat | 4 5 |  5.4
Fighting       | 2 |  2.7
Dodging        | |  2.0
Spellcasting   | |  2.0

Action                   |  1- 3 |  4- 6 || total
-------------------------+-------+-------++-------
Melee: Unarmed           |    96 |   145 ||   241
       Constrict         |    20 |     4 ||    24
       Tentacles         |    11 |     3 ||    14
       Kick              |    13 |       ||    13
       Punch             |     3 |     1 ||     4
 Cast: Beastly Appendage |    19 |       ||    19
       Spider Form       |     5 |    26 ||    31
 Stab: Sleeping          |     6 |     2 ||     8
  Eat: Chunk             |     3 |    10 ||    13
Armor: Skin              |    12 |     4 ||    16
Dodge: Dodged            |    76 |   117 ||   193
